 Dungeon Crawl Stone Soup version 0.31-a0-204-g7da18cac08 (webtiles) character file.

Game seed: 10734160037386998773

55 gelatine the Insei (level 3, 0/23 HPs)
             Began as an Octopode Transmuter on June 27, 2023.
             Slain by a worm (3 damage)
             ... on level 2 of the Dungeon.
             The game lasted 00:05:58 (947 turns).

gelatine the Insei (Octopode Transmuter)             Turns: 947, Time: 00:05:59

Health: 0/23       AC:  1    Str:  9    XL:     3   Next: 93%
Magic:  6/6        EV: 13    Int: 17    God:
Gold:   32         SH:  0    Dex: 12    Spells: 5/6 levels left

rFire   . .          .
                       - Unarmed
rCold   . . .        (no shield)
rNeg    . . .        (helmet restricted)
rPois   .            (no amulet)
rElec   .            (no ring)
rCorr   .            (no ring)
SInv    .            (no ring)
Will    .....        (no ring)
Stlth   +++          (no ring)
HPRegen 0.23/turn    (no ring)
MPRegen 0.10/turn    (no ring)
                     (no ring)

%: no passive effects
@: no status effects
A: almost no armour, amphibious, 8 rings, camouflage 1, gelatinous body 1,
(nimble swimmer 1), tentacles
a: no special abilities


You were on level 2 of the Dungeon.
You visited 1 branch of the dungeon, and saw 2 of its levels.

You collected 32 gold pieces.

Inventory:

Hand Weapons
 h - a +1 dagger of draining
Scrolls
 c - a scroll of teleportation {unknown}
 f - 3 scrolls of amnesia {unknown}
 g - a scroll of identify {unknown}
Potions
 a - a potion of lignification
 b - 2 potions of enlightenment {unknown}
 d - a potion of curing {unknown}
 e - a potion of degeneration {unknown}


   Skills:
 * Level 1.2 Fighting
 * Level 2.2 Dodging
 * Level 1.3 Stealth
 * Level 3.7 Unarmed Combat
 * Level 2.3 Spellcasting
 * Level 2.3 Transmutations


You had 5 spell levels left.
You knew the following spells:

 Your Spells              Type           Power      Damage    Failure   Level
a - Beastly Appendage     Tmut           18%        N/A       7%          1

Your spell library contained the following spells:

 Spells                   Type           Power      Damage    Failure   Level
 Wereblood                Tmut           9%         N/A       11%         2
 Spider Form              Tmut/Pois      6%         N/A       34%         3
 Ice Form                 Ice/Tmut       6%         N/A       75%         4


Dungeon Overview and Level Annotations

Branches:
Dungeon (2/15)

Altars:


Innate Abilities, Weirdness & Mutations

You cannot wear most types of armour.
You are amphibious.
You can wear up to eight rings at the same time.
Your skin changes colour to match your surroundings (Stealth+).
Your rubbery body absorbs attacks. (AC +1, EV +1)
((You are camouflaged when in or above water. (Stealth+)))
You have tentacles for arms and can constrict up to eight enemies at once.


Message History

Found a robe.
The adder hisses angrily.
The adder closely misses you.
You tentacle-slap the rat.
You kill the rat!
Your tentacle spike disappears.
The adder bites you.
You barely miss the adder. You grab the adder. Your squeeze misses the adder.
You constrict the adder. The adder bites you.
You are poisoned.
The adder poisons you!
You tentacle-slap the adder.
The adder is heavily wounded.
You constrict the adder, but do no damage.
You feel sick. The adder bites you.
You are more poisoned.
The adder poisons you!
You tentacle-slap the adder. You squeeze the adder.
You kill the adder!
You feel sick.
You feel sick.
You feel sick.
You feel sick.
You see here a hobgoblin corpse.
You are too injured to fight recklessly!
You feel sick.
You feel sick.
You tentacle-slap the worm. You grab the worm. You tentacle-slap the worm.
The worm is moderately wounded.
You constrict the worm.
You feel sick. The worm bites you.
* * * LOW HITPOINT WARNING * * *
You tentacle-slap the worm but do no damage.
The worm is moderately wounded.
You constrict the worm. You tentacle-slap the worm.
The worm is severely wounded.
You constrict the worm.
You feel sick.
You are no longer poisoned.
The worm bites you.
You die...

#.#.# #.[.
..........
#.#.#.#.# ........
# ###.#.#.# #.
....... # ##.#
##.#†#.#.#
#.##...##.@w.....#
#.#. #.†#.#†#.#...
#... #†#.......
#...###.##.#.#>#
#..#...###.#.....
#.......##.#######
##.#....##.#
#.##.#.##.#
#.##.#.#


You could see a worm.

Vanquished Creatures
  An adder (D:2)
  3 dart slugs (D:1)
  2 ball pythons
  2 bats (D:1)
  3 endoplasms
  2 giant cockroaches (D:1)
  5 hobgoblins
  5 jackals (D:1)
  A quokka (D:1)
  2 frilled lizards (D:1)
  3 goblins (D:1)
  2 kobolds (D:1)
  6 rats
37 creatures vanquished.

Notes
Turn   | Place    | Note
-------+----------+-------------------------------------------
     0 | D:1      | gelatine the Octopode Transmuter began the quest for the
                  | Orb.
     0 | D:1      | Reached XP level 1. HP: 13/13 MP: 3/3
    89 | D:1      | Reached XP level 2. HP: 9/18 MP: 5/5
   427 | D:1      | Reached XP level 3. HP: 23/23 MP: 4/6
   542 | D:1      | Reached skill level 1 in Stealth
   947 | D:2      | Slain by a worm

Illustrated notes

Levels and vault maps discovered:
D:1:      mainiacjoe_arrival_reflecting_pool, layout_loops_ring
D:2:      layout_loops_ring, basic_altar, st_stairs_12

Skill      XL: |  1  2  3 |
---------------+----------+-----
Stealth        | 1 |  1.3
Fighting       | |  1.2
Dodging        | |  2.2
Unarmed Combat | |  3.7
Spellcasting   | |  2.3
Transmutations | |  2.3

Action                     || total
---------------------------++-------
  Melee: Unarmed           ||    75
         Tentacles         ||    15
         Constrict         ||    20
         Kick              ||    10
         Punch             ||     4
         Dagger            ||     2
   Cast: Beastly Appendage ||    16
   Stab: Sleeping          ||     5
 Armour: Skin              ||     1
  Dodge: Dodged            ||    31

Table legend: (Time is in decaauts)
 A = Elapsed time spent in this place.
 B = Non-inter-level travel time spent in this place.
 C = Inter-level travel time spent in this place.
 D = Time resting spent in this place.
 E = Time spent auto-exploring this place.
 F = Levels seen in this place.
 G = Mean time per level.
                   A        B        C        D        E       F      G
               +--------+--------+--------+--------+--------+-----+--------+
         Total |    941 |    933 |      8 |      0 |    664 |   2 |  470.5 |
       Dungeon |    941 |    933 |      8 |      0 |    664 |   2 |  470.5 |
               +--------+--------+--------+--------+--------+-----+--------+

Top non-repeatable levels by time:
     D:1: 879 daAuts
     D:2: 62 daAuts
